NYP
ROME BRAVES @ WEST VIRGINIA BLACK BEARS
06/07/2044
 
TOP OF THE 1ST
Rome Braves batting - Pitching for West Virginia Black Bears : RHP Francisco Castillo
Pitching: RHP Francisco Castillo
Batting: LHB J.P. Olson 0-0: Ball
1-0: Foul Ball, location: 2F
1-1: Ball
2-1: Ball
3-1: Base on Balls
Batting: RHB Brandon Burrell 0-0: Called Strike
J.P. Olson steals 2nd base
0-1: Ball
1-1: Foul Ball, location: 2F
1-2: Ball
2-2: Ball
3-2: Strikes out looking
Batting: LHB Curt Nelson 0-0: Ball
1-0: Ball
2-0: Foul Ball, location: 2F
2-1: Called Strike
2-2: Strikes out swinging
Batting: RHB Ike Trout 0-0: Ball
1-0: Ball
2-0: Ball
3-0: Called Strike
3-1: Swinging Strike
3-2: Foul Ball, location: 2F
3-2: Strikes out swinging
Top of the 1st over - 0 runs, 0 hits, 0 errors, 1 left on base; Rome 0 - West Virginia 0
BOTTOM OF THE 1ST
West Virginia Black Bears batting - Pitching for Rome Braves : RHP Mokichi Furuta
Pitching: RHP Mokichi Furuta
Batting: LHB Joe Hoover 0-0: Called Strike
0-1: Ball
1-1: Foul Ball, location: 2F
1-2: Strikes out swinging passed ball, reaches first!
Batting: LHB Gregg Kellerman 0-0: Ball
1-0: Ball
2-0: Called Strike
2-1: Fielders Choice at 2nd, 3-6 (Groundball, 3, EV 104.4 MPH)
Batting: RHB Jose Almonte 0-0: Called Strike
0-1: Fly out, F8 (Flyball, 8RM, EV 86.9 MPH)
Batting: SHB Mike Corley 0-0: Swinging Strike
0-1: SINGLE (Groundball, 34D, EV 95.0 MPH)
Gregg Kellerman to second
Runner from 2nd tries for 3rd, SAFE, throw by RF made to third
Batting: LHB Brandon Sarni 0-0: Foul Ball, location: 2F
0-1: Ball
1-1: Ball
2-1: Foul Ball, location: 2F
2-2: Strikes out swinging
Bottom of the 1st over - 0 runs, 1 hit, 0 errors, 2 left on base; Rome 0 - West Virginia 0
TOP OF THE 2ND
Rome Braves batting - Pitching for West Virginia Black Bears : RHP Francisco Castillo
Batting: LHB Mike Tenorio 0-0: Foul Ball, location: 2F
0-1: Ball
1-1: Ball
2-1: Swinging Strike
2-2: Strikes out swinging
Batting: RHB Badr al Din Ridha 0-0: Called Strike
0-1: Ball
1-1: Ball
2-1: Foul Ball, location: 2F
2-2: Foul Ball, location: 2F
2-2: Ball
3-2: DOUBLE (Line Drive, 89D, EV 105.0 MPH)
Batting: RHB Alex Velasquez 0-0: Ball
1-0: Called Strike
1-1: Ball
2-1: Called Strike
Badr al Din Ridha is caught stealing 3rd base 2-5
2-2: Ground out 6-3 (Groundball, 4MS, EV 73.8 MPH)
Top of the 2nd over - 0 runs, 1 hit, 0 errors, 0 left on base; Rome 0 - West Virginia 0
BOTTOM OF THE 2ND
West Virginia Black Bears batting - Pitching for Rome Braves : RHP Mokichi Furuta
Batting: RHB John Goynes 0-0: Foul Ball, location: 2F
0-1: Ball
1-1: Ball
2-1: Ground out 6-3 (Groundball, 6, EV 106.3 MPH)
Batting: RHB Freddy Quintero 0-0: Called Strike
0-1: Ball
1-1: Ball
2-1: Ball
3-1: Foul Ball, location: 2F
3-2: Foul Ball, location: 2F
3-2: SINGLE (Line Drive, 6MD, EV 108.8 MPH)
Batting: RHB Pleun Smit 0-0: Ball
1-0: Ball
2-0: Ball
3-0: Called Strike
3-1: Base on Balls
Freddy Quintero to second
Batting: RHB Richard Barrios 0-0: Ball
1-0: Called Strike
1-1: Ground out 6-3 (Groundball, P, EV 81.9 MPH)
Freddy Quintero to third
Pleun Smit to second
Batting: LHB Joe Hoover 0-0: Ground out 4-3 (Groundball, 4, EV 92.5 MPH)
Bottom of the 2nd over - 0 runs, 1 hit, 0 errors, 2 left on base; Rome 0 - West Virginia 0
TOP OF THE 3RD
Rome Braves batting - Pitching for West Virginia Black Bears : RHP Francisco Castillo
Pitching: RHP Victor Medina
Batting: LHB Joe Phillips 0-0: Ball
1-0: Called Strike
1-1: Ball
2-1: Swinging Strike
2-2: Ball
3-2: Strikes out swinging
Batting: SHB Juan Aguilar 0-0: Ball
1-0: Ball
2-0: Called Strike
2-1: Ball
3-1: Called Strike
3-2: Ground out 3-1 (Groundball, 34, EV 86.9 MPH)
Batting: LHB J.P. Olson 0-0: Ball
1-0: Foul Ball, location: 2F
1-1: Foul Ball, location: 2F
1-2: DOUBLE (Groundball, 5L, EV 106.9 MPH)
Batting: RHB Brandon Burrell 0-0: Called Strike
0-1: Foul Ball, location: 2F
0-2: Foul Ball, location: 2F
0-2: Foul Ball, location: 2F
0-2: Foul Ball, location: 2F
0-2: Ball
1-2: Ball
2-2: Foul Ball, location: 2F
2-2: Strikes out looking
Top of the 3rd over - 0 runs, 1 hit, 0 errors, 1 left on base; Rome 0 - West Virginia 0
BOTTOM OF THE 3RD
West Virginia Black Bears batting - Pitching for Rome Braves : RHP Mokichi Furuta
Batting: LHB Gregg Kellerman 0-0: Ball
1-0: Swinging Strike
1-1: Ball
2-1: Called Strike
2-2: Ball
3-2: Strikes out swinging
Batting: RHB Jose Almonte 0-0: Foul Ball, location: 2F
0-1: Foul Ball, location: 2F
0-2: Ball
1-2: Ball
2-2: Ball
3-2: Ground out 4-3 (Groundball, 4M, EV 111.3 MPH)
Batting: SHB Mike Corley 0-0: Ground out 6-3 (Groundball, 6S, EV 85.6 MPH)
Bottom of the 3rd over - 0 runs, 0 hits, 0 errors, 0 left on base; Rome 0 - West Virginia 0
TOP OF THE 4TH
Rome Braves batting - Pitching for West Virginia Black Bears : RHP Victor Medina
Batting: LHB Curt Nelson 0-0: Called Strike
0-1: Foul Ball, location: 2F
0-2: Ball
1-2: Ball
2-2: Foul Ball, location: 2F
2-2: Ground out 4-3 (Groundball, 4, EV 86.3 MPH)
Batting: RHB Ike Trout 0-0: Ball
1-0: Foul Ball, location: 2F
1-1: Swinging Strike
1-2: Strikes out looking
Batting: LHB Mike Tenorio 0-0: Called Strike
0-1: Ball
1-1: Ball
2-1: Swinging Strike
2-2: Foul Ball, location: 2F
2-2: Foul Ball, location: 2F
2-2: Foul Ball, location: 2F
2-2: Strikes out swinging
Top of the 4th over - 0 runs, 0 hits, 0 errors, 0 left on base; Rome 0 - West Virginia 0
BOTTOM OF THE 4TH
West Virginia Black Bears batting - Pitching for Rome Braves : RHP Mokichi Furuta
Batting: LHB Brandon Sarni 0-0: Ball
1-0: Ball
2-0: Ball
3-0: Base on Balls
Batting: RHB John Goynes 0-0: Foul Ball, location: 2F
0-1: Called Strike
Brandon Sarni is caught stealing 2nd base 2-4
0-2: Ground out 4-3 (Groundball, 4, EV 85.6 MPH)
Batting: RHB Freddy Quintero 0-0: SOLO HOME RUN (Flyball, 7D, EV 96.9 MPH), Distance : 380 ft
Batting: RHB Pleun Smit 0-0: TRIPLE (Flyball, 89XD, EV 106.9 MPH)
Batting: RHB Richard Barrios 0-0: Ball
1-0: Called Strike
1-1: Foul Ball, location: 2F
1-2: Strikes out swinging
Bottom of the 4th over - 1 run, 2 hits, 0 errors, 1 left on base; Rome 0 - West Virginia 1
TOP OF THE 5TH
Rome Braves batting - Pitching for West Virginia Black Bears : RHP Victor Medina
Batting: RHB Badr al Din Ridha 0-0: Swinging Strike
0-1: Foul Ball, location: 2F
0-2: Ball
1-2: Ball
2-2: Foul Ball, location: 2F
2-2: Strikes out swinging
Batting: RHB Alex Velasquez 0-0: Swinging Strike
0-1: Ground out 4-3 (Groundball, 4, EV 111.3 MPH)
Batting: LHB Joe Phillips 0-0: Ground out 3-1 (Groundball, 34, EV 101.3 MPH)
Top of the 5th over - 0 runs, 0 hits, 0 errors, 0 left on base; Rome 0 - West Virginia 1
BOTTOM OF THE 5TH
West Virginia Black Bears batting - Pitching for Rome Braves : RHP Mokichi Furuta
Batting: LHB Joe Hoover 0-0: Called Strike
0-1: Ball
1-1: SINGLE (Groundball, 4MS, EV 97.5 MPH)
Pitching: RHP Jose Medina
Batting: LHB Gregg Kellerman 0-0: Called Strike
Joe Hoover steals 2nd base
0-1: Ball
1-1: Swinging Strike
1-2: Fly out, F8 (Flyball, 8RS, EV 88.8 MPH)
Batting: RHB Jose Almonte 0-0: Called Strike
0-1: Ball
1-1: Swinging Strike
1-2: Ball
2-2: SINGLE (Line Drive, 9S, EV 101.3 MPH)
Joe Hoover to third
Batting: SHB Mike Corley 0-0: Foul Ball, location: 2F
0-1: Grounds into double play, 3-6-1 (Groundball, 3, EV 79.4 MPH)
Bottom of the 5th over - 0 runs, 2 hits, 0 errors, 1 left on base; Rome 0 - West Virginia 1
TOP OF THE 6TH
Rome Braves batting - Pitching for West Virginia Black Bears : RHP Victor Medina
Batting: SHB Juan Aguilar 0-0: Called Strike
0-1: Called Strike
0-2: Ball
1-2: Strikes out swinging
Batting: LHB J.P. Olson 0-0: Ball
1-0: Called Strike
1-1: Fly out, F8 (Flyball, 78M, EV 83.8 MPH)
Batting: RHB Brandon Burrell 0-0: Ball
1-0: Called Strike
1-1: Ball
2-1: SINGLE (Groundball, 6MD, EV 104.4 MPH)
Pitching: RHP Adam Monge
Batting: LHB Curt Nelson 0-0: Called Strike
0-1: Called Strike
0-2: Foul Ball, location: 2F
0-2: Ground out U3 (Groundball, 34, EV 85.6 MPH)
Top of the 6th over - 0 runs, 1 hit, 0 errors, 1 left on base; Rome 0 - West Virginia 1
BOTTOM OF THE 6TH
West Virginia Black Bears batting - Pitching for Rome Braves : RHP Jose Medina
Batting: LHB Brandon Sarni 0-0: Ball
1-0: Ball
2-0: Foul Ball, location: 2F
2-1: Ball
3-1: Base on Balls
Batting: RHB John Goynes 0-0: Called Strike
Brandon Sarni steals 2nd base
0-1: Foul Ball, location: 2F
0-2: Foul Ball, location: 2F
0-2: Ball
1-2: Foul Ball, location: 2F
1-2: Foul Ball, location: 2F
1-2: Foul Ball, location: 2F
1-2: Ground out 6-3 (Groundball, 6, EV 83.1 MPH)
Brandon Sarni to third
Batting: RHB Freddy Quintero 0-0: Ball
1-0: Called Strike
1-1: Ball
2-1: Ball
3-1: Base on Balls
Batting: RHB Pleun Smit 0-0: Ball
1-0: Swinging Strike
1-1: Fly out, F9 (Flyball, 9LM, EV 80.6 MPH)
Runner from 3rd tags up, OUT at HOME! 9-2
Bottom of the 6th over - 0 runs, 0 hits, 0 errors, 1 left on base; Rome 0 - West Virginia 1
TOP OF THE 7TH
Rome Braves batting - Pitching for West Virginia Black Bears : RHP Adam Monge
Now in RF: Steve Dennis
Batting: RHB Ike Trout 0-0: Called Strike
0-1: Ball
1-1: Foul Ball, location: 2F
1-2: SINGLE (Groundball, 56D, EV 95.6 MPH)
Batting: LHB Mike Tenorio 0-0: Called Strike
0-1: Ball
1-1: Ball
2-1: Ball
3-1: Foul Ball, location: 2F
3-2: Ground out 5-3 (Groundball, 56D, EV 98.8 MPH)
Ike Trout to second
Pinch Hitting: LHB Javier Rubio 0-0: Ball
Ike Trout steals 3rd base
1-0: Squeeze Bunt to 15 - play home, runner scores, batter safe!
Ike Trout scores
Batting: RHB Alex Velasquez 0-0: Ball
1-0: Called Strike
1-1: Called Strike
1-2: Ball
2-2: Strikes out swinging
Batting: LHB Joe Phillips 0-0: Called Strike
0-1: Ball
1-1: Ball
Javier Rubio is caught stealing 2nd base 2-6
Top of the 7th over - 1 run, 1 hit, 0 errors, 0 left on base; Rome 1 - West Virginia 1
BOTTOM OF THE 7TH
West Virginia Black Bears batting - Pitching for Rome Braves : RHP Jose Medina
Pitching: RHP Brendan Graham
Now in CF: J.P. Olson
Now in RF: Javier Rubio
Pinch Hitting: LHB Pat Baker 0-0: Called Strike
0-1: Swinging Strike
0-2: Foul Ball, location: 2F
0-2: Ball
1-2: Strikes out swinging
Batting: LHB Joe Hoover 0-0: Ball
1-0: Ball
2-0: Foul Ball, location: 2F
2-1: Swinging Strike
2-2: Ball
3-2: Strikes out swinging
Batting: LHB Gregg Kellerman 0-0: Ball
1-0: Foul Ball, location: 2F
1-1: Foul Ball, location: 2F
1-2: DOUBLE (Line Drive, 78D, EV 99.4 MPH)
Batting: RHB Jose Almonte 0-0: Foul Ball, location: 2F
0-1: Ball
1-1: Foul Ball, location: 2F
1-2: Ball
2-2: Ball
3-2: Ground out 2-3 (Groundball, 2R, EV 73.8 MPH)
Bottom of the 7th over - 0 runs, 1 hit, 0 errors, 1 left on base; Rome 1 - West Virginia 1
TOP OF THE 8TH
Rome Braves batting - Pitching for West Virginia Black Bears : RHP Adam Monge
Now at SS: Steve Dennis
Now in RF: Pat Baker
Batting: LHB Joe Phillips 0-0: Foul Ball, location: 2F
0-1: Ball
1-1: Foul Ball, location: 2F
1-2: Strikes out swinging
Batting: SHB Juan Aguilar 0-0: Ball
1-0: Called Strike
1-1: Ball
2-1: Ball
3-1: Foul Ball, location: 2F
3-2: Strikes out swinging
Batting: LHB J.P. Olson 0-0: Ball
1-0: Foul Ball, location: 2F
1-1: Foul Ball, location: 2F
1-2: Ball
2-2: Hit by Pitch
Pitching: RHP Eldon Darrah
Batting: RHB Brandon Burrell 0-0: Ball
J.P. Olson steals 2nd base
1-0: Ball
2-0: Called Strike
2-1: Ball
3-1: Foul Ball, location: 2F
3-2: Strikes out swinging
Top of the 8th over - 0 runs, 0 hits, 0 errors, 1 left on base; Rome 1 - West Virginia 1
BOTTOM OF THE 8TH
West Virginia Black Bears batting - Pitching for Rome Braves : RHP Brendan Graham
Pitching: RHP Omar Orosco
Pinch Hitting: LHB Donald Imre 0-0: Ball
1-0: Ball
2-0: Ground out 4-3 (Groundball, 4D, EV 103.1 MPH)
Batting: LHB Brandon Sarni 0-0: Foul Ball, location: 2F
0-1: DOUBLE (Line Drive, 7D, EV 94.4 MPH)
Batting: RHB John Goynes 0-0: SINGLE (Line Drive, 9LM, EV 98.8 MPH)
Brandon Sarni to third
Batting: RHB Freddy Quintero 0-0: Called Strike
0-1: Called Strike
0-2: Ball
1-2: Fielders Choice at 2nd, 6-4 (Groundball, 6, EV 81.9 MPH)
Brandon Sarni scores
Batting: RHB Pleun Smit 0-0: Ball
1-0: Called Strike
1-1: Ball
2-1: Swinging Strike
2-2: Ball
3-2: Strikes out swinging
Bottom of the 8th over - 1 run, 2 hits, 0 errors, 1 left on base; Rome 1 - West Virginia 2
TOP OF THE 9TH
Rome Braves batting - Pitching for West Virginia Black Bears : RHP Eldon Darrah
Pitching: RHP Joel Olausson
Now at 2B: Donald Imre
Now at SS: Brandon Sarni
Now in LF: Alan Pumphrey
Batting: LHB Curt Nelson 0-0: Hit by Pitch
Batting: RHB Ike Trout 0-0: Ball
1-0: Foul Ball, location: 2F
1-1: Swinging Strike
1-2: SINGLE (Line Drive, 8RS, EV 91.9 MPH)
Curt Nelson to second
Runner from 2nd tries for 3rd, SAFE, throw by CF made to third
Batting: LHB Mike Tenorio 0-0: Foul Ball, location: 2F
0-1: Foul Ball, location: 2F
0-2: Ball
1-2: Strikes out swinging
Batting: LHB Javier Rubio 0-0: 3-RUN HOME RUN (Flyball, 9D, EV 98.1 MPH), Distance : 383 ft
Batting: RHB Alex Velasquez 0-0: Called Strike
0-1: Foul Ball, location: 2F
0-2: Ball
1-2: Ball
2-2: Strikes out swinging, 2-3 out at first.
Batting: LHB Joe Phillips 0-0: Ball
1-0: Swinging Strike
1-1: Ground out U3 (Groundball, 3, EV 101.9 MPH)
Top of the 9th over - 3 runs, 2 hits, 0 errors, 0 left on base; Rome 4 - West Virginia 2
BOTTOM OF THE 9TH
West Virginia Black Bears batting - Pitching for Rome Braves : RHP Omar Orosco
Pitching: RHP Aaron Shapiro
Now at 3B: Adrian Billups
Now in LF: Javier Rubio
Now in RF: Malik Boulay
Batting: LHB Pat Baker 0-0: Ball
1-0: Ball
2-0: Foul Ball, location: 2F
2-1: Ball
3-1: Ground out 6-3 (Groundball, 6MS, EV 66.3 MPH)
Batting: LHB Joe Hoover 0-0: Called Strike
0-1: Fly out, F7 (Line Drive, 7S, EV 89.4 MPH)
Batting: LHB Gregg Kellerman 0-0: Foul Ball, location: 2F
0-1: Foul Ball, location: 2F
0-2: SINGLE (Groundball, 23, EV 88.1 MPH) (infield hit)
Batting: LHB Alan Pumphrey 0-0: Foul Ball, location: 2F
0-1: Ball
1-1: Ball
2-1: Called Strike
2-2: Ball
3-2: Strikes out swinging
Bottom of the 9th over - 0 runs, 1 hit, 0 errors, 1 left on base; Rome 4 - West Virginia 2
Thursday, March 31st , 2022 - OOTP Baseball 22.12 Build 89